 Dungeon Crawl Stone Soup version 0.26-a0-540-g8a0c9464d7 (webtiles) character file.

Game seed: 5514861099182779668

38270 vurker the Severer (level 13, -3/125 HPs)
             Began as a Minotaur Monk on Aug 18, 2020.
             Was the Champion of Makhleb.
             Slain by a black mamba (12 damage)
             ... on level 6 of the Lair of Beasts.
             The game lasted 00:29:05 (20332 turns).

vurker the Severer (Minotaur Monk)                 Turns: 20332, Time: 00:29:06

Health: -3/125     AC: 18    Str: 19    XL:     13   Next: 62%
Magic:  20/20      EV: 11    Int: 10    God:    Makhleb [******]
Gold:   1428       SH:  4    Dex: 11    Spells: 12/12 levels left

rFire    . . .     SeeInvis .   a - +1 war axe (pain)
rCold    . . .     Faith    .   B - +0 buckler
rNeg     . . .     Spirit   .   r - +2 scale mail of Miracles {rElec Int+3 Dex-4}
rPois    +         Reflect  .   (helmet restricted)
rElec    +         Harm     .   f - +1 cloak
rCorr    +                      i - +1 pair of gloves
MR       .....                  K - +2 pair of boots
Stlth    ..........             e - amulet of regeneration
HPRegen  0.70/turn              m - ring of poison resistance
MPRegen  0.17/turn              C - ring of resist corrosion

@: no status effects
A: retaliatory headbutt, horns 2
a: Minor Destruction, Lesser Servant of Makhleb, Major Destruction, Greater
Servant of Makhleb, Renounce Religion


You were on level 6 of the Lair of Beasts.
You worshipped Makhleb.
Makhleb was exalted by your worship.
You visited 3 branches of the dungeon, and saw 18 of its levels.

You collected 1428 gold pieces.

Inventory:

Hand Weapons
 a - a +1 war axe of pain (weapon)
   (You took it off an orc warrior on level 11 of the Dungeon)
 b - a +2 morningstar of freezing
   (You took it off a wight on level 6 of the Dungeon)
Armour
 f - a +1 cloak (worn)
   (You found it on level 5 of the Dungeon)
 i - a +1 pair of gloves (worn)
   (You found it on level 2 of the Dungeon)
 r - the +2 scale mail of Miracles (worn) {rElec Int+3 Dex-4}
   (You found it on level 5 of the Dungeon)

   It affects your intelligence (+3).
   It affects your dexterity (-4).
   It insulates you from electricity.
 B - a +0 buckler (worn)
   (You found it on level 8 of the Dungeon)
 K - a +2 pair of boots (worn)
   (You found it on level 3 of the Lair of Beasts)
Jewellery
 e - an amulet of regeneration (around neck)
   (You found it on level 2 of the Lair of Beasts)
 m - a ring of poison resistance (left hand)
   (You found it on level 5 of the Dungeon)
 C - a ring of resist corrosion (right hand)
   (You found it on level 9 of the Dungeon)
 I - an uncursed ring of protection from cold
   (You found it on level 2 of the Lair of Beasts)
 J - an uncursed amulet of reflection {unknown}
   (You found it on level 5 of the Lair of Beasts)
Wands
 c - a wand of disintegration (20)
   (You found it on level 7 of the Dungeon)
 d - a wand of iceblast (9)
   (You took it off Pikel on level 9 of the Dungeon)
 p - a wand of enslavement (18)
   (You found it on level 5 of the Dungeon)
 t - a wand of flame (18)
   (You found it on level 4 of the Lair of Beasts)
 u - a wand of paralysis (3)
   (You took it off Maurice on level 8 of the Dungeon)
 x - a wand of acid (13)
   (You took it off an orc warrior on level 11 of the Dungeon)
 E - a wand of polymorph (17)
   (You found it on level 9 of the Dungeon)
Scrolls
 g - 10 scrolls of remove curse
 k - 2 scrolls of fog
 l - 10 scrolls of teleportation
 w - 2 scrolls of immolation
 y - 2 scrolls of vulnerability
 z - 2 scrolls of enchant armour
 A - a scroll of brand weapon
 D - 4 scrolls of enchant weapon
 F - a scroll of magic mapping
 N - a scroll of silence
Potions
 h - a potion of magic
 j - 6 potions of curing
 n - a potion of cancellation
 o - 2 potions of might
 q - a potion of invisibility
 s - 2 potions of haste
 v - 4 potions of flight
 G - a potion of resistance
 H - 5 potions of heal wounds
 M - 5 potions of lignification
 O - a potion of mutation


   Skills:
 + Level 14.8 Fighting
 - Level 16.0 Axes
 + Level 9.5 Armour
 - Level 3.2 Dodging
 - Level 1.5 Stealth
 - Level 4.0 Shields
 + Level 11.9 Invocations


You had 12 spell levels left.
You didn't know any spells.
Your spell library contained the following spells:

 Spells                   Type           Power        Failure   Level
 Animate Skeleton         Necr           #.....       67%         1
 Apportation              Tloc           #.....       67%         1
 Beastly Appendage        Tmut           #.....       67%         1
 Corona                   Hex            #......      67%         1
 Magic Dart               Conj           #...         67%         1
 Summon Small Mammal      Summ           #...         67%         1
 Blink                    Tloc           N/A          82%         2
 Call Imp                 Summ           #.......     82%         2
 Slow                     Hex            #.......     82%         2
 Wereblood                Tmut           #.......     82%         2
 Conjure Flame            Conj/Fire      #.......     96%         3
 Mephitic Cloud           Conj/Pois/Air  #.......     96%         3
 Spider Form              Tmut/Pois      #.........   96%         3
 Ice Form                 Ice/Tmut       #.......     100%        4
 Blade Hands              Tmut           #.........   100%        5


Dungeon Overview and Level Annotations

Branches:
Dungeon (11/15)            Temple (1/1) D:4            Lair (6/6) D:8
 Shoals (0/4) Lair:2       Spider (0/4) Lair:3        Slime (0/5) Lair:5
    Orc (0/2) D:9

Altars:
Ashenzari
Cheibriados
Dithmenos
Elyvilon
Fedhas
Gozag
Hepliaklqana
Kikubaaqudgha
Makhleb
Nemelex Xobeh
Okawaru
Qazlal
Ru
Sif Muna
Trog
Uskayaw
Vehumet
Wu Jian
Xom
Yredelemnul
Zin
The Shining One

Annotations:
D:4 3 runed translucent doors, aaksess's ghost, amateur DEEE
Lair:6 exclusion: oklob plant


Innate Abilities, Weirdness & Mutations

You reflexively headbutt those who attack you in melee.
You have a pair of horns on your head.


Message History

You block the dream sheep's attack. The black mamba barely misses you.
The black mamba bites you but does no damage.
You hit the black mamba. You closely miss the black mamba.
You hit the dream sheep. You slash the dream sheep!
You feel sick.
The black mamba bites you but does no damage.
You block the black mamba's attack. You block the dream sheep's attack.
You closely miss the dream sheep. You headbutt the dream sheep.
You kill the dream sheep!
Makhleb accepts your kill.
You feel better.
You barely miss the black mamba. You slash the black mamba!
You hit the dream sheep.
You feel sick. The black mamba bites you!
The black mamba bites you but does no damage.
You feel very sick. The black mamba bites you!
* * * LOW HITPOINT WARNING * * *
The dream sheep ruffle their wool and motes of dream dust sparkle, to no effect.
The black mamba bites you but does no damage. x2
Unknown command.
Unknown command.
Unknown command.
A demon appears!
You feel sick. The black mamba bites you.
* * * LOW HITPOINT WARNING * * *
The black mamba bites you.
* * * LOW HITPOINT WARNING * * *
You are more poisoned.
The black mamba poisons you! You block the black mamba's attack.
The black mamba bites you.
* * * LOW HITPOINT WARNING * * *
Unknown command.
You feel very sick.
The dream sheep are wreathed in dream dust.
You feel drowsy...
You fall asleep.
The black mamba closely misses you.
Your ynoxinul hits the dream sheep.
The black mamba bites you but does no damage.
You feel very sick. The black mamba bites you!!
You wake up.
* * * LOW HITPOINT WARNING * * *
The dream sheep bites you.
* * * LOW HITPOINT WARNING * * *
You block the black mamba's attack.
Your ynoxinul hits the dream sheep.
The black mamba bites you but does no damage.
You feel better. The black mamba misses you.
The dream sheep bites you but does no damage.
The dream sheep bites you!
* * * LOW HITPOINT WARNING * * *
You block the black mamba's attack. The black mamba barely misses you.
You furiously retaliate!
You headbutt the black mamba. Your ynoxinul hits the dream sheep.
The dream sheep bites your ynoxinul! The black mamba bites you!
You die...

##.........# .
#....(...... ..
#........... #.
##.....#..... #
#.....#...... #
##.†YS# . ##..YYS# .##
....# #.#.YS## ....##
.....# ##..3P@# #....#
##P....
#....P###....###..P...
##....P#...........P.P
#......# #.......##P.
####...###.......##..
#..#...#......####
#...............##
###.#....#.#...#..
##....#####.....


You could see a black mamba, 4 dream sheep and a friendly ynoxinul (summoned).

Vanquished Creatures
  Harold (Lair:2)
  Erica (D:10)
  6 hydras
  A two-headed ogre (D:11)
  4 death yaks
  Pikel (D:9)
  A necromancer (Lair:5)
  A manticore (D:11)
  An oklob plant (Lair:2)
  An ugly thing (D:11)
  Maurice (D:8)
  6 elephants
  3 black mambas
  10 cane toads
  4 komodo dragons
  A rime drake (Lair:5)
  A hornet (D:9)
  2 trolls
  2 dream sheep
  4 blink frogs
  9 hippogriffs
  34 yaks
  Edmund (D:5)
  12 water moccasins
  10 porcupines
  Duvessa (D:6)
  7 orc warriors
  3 sky beasts
  2 black bears
  3 ice beasts
  2 elephant zombies (Lair:5)
  5 ogres
  12 wolves
  4 phantoms
  3 centaurs
  8 crocodiles
  12 bullfrogs
  A wyvern zombie (D:8)
  5 scorpions
  Dowan (D:6)
  5 killer bees
  8 wights
  8 electric eels
  A quasit (D:9)
  A bullfrog zombie (D:10)
  9 hounds
  A basilisk zombie (Lair:5)
  4 jellies
  10 orc priests
  3 bullfrog skeletons
  Crazy Yiuf (D:3)
  23 orc wizards
  Terence (D:3)
  Natasha (thrice) (D:3)
  9 worker ants
  3 iguanas
  A hound zombie (D:11)
  2 worker ant zombies
  3 gnolls (D:4)
  15 adders
  A shadow imp (D:9)
  8 white imps
  An ufetubus (D:5)
  5 oozes
  An adder skeleton (D:8)
  2 adder zombies
  4 worms
  2 dart slugs
  8 leopard geckos
  52 orcs
  A ball python (D:3)
  5 giant cockroaches
  5 hobgoblins
  14 jackals
  7 kobolds
  5 quokkas
  8 bats
  4 frilled lizards
  5 goblins
  A jackal zombie (D:6)
  2 leopard gecko skeletons (D:5)
  A leopard gecko zombie (D:5)
  A quokka skeleton (D:7)
  9 rats
  A bush (Lair:2)
  A plant (Lair:4)
452 creatures vanquished.

Vanquished Creatures (collateral kills)
  A hydra (D:11)
  Nergalle (D:11)
  A cyclops (D:11)
  2 elephants (Lair:4)
  A black mamba (Lair:5)
  3 yaks
9 creatures vanquished.

Vanquished Creatures (others)
  An orc wizard (D:11)
  A bush (Lair:4)
  5 fungi
  3 plants
10 creatures vanquished.

Grand Total: 471 creatures vanquished

Notes
Turn   | Place    | Note
-------+----------+-------------------------------------------
     0 | D:1      | vurker the Minotaur Monk began the quest for the Orb.
     0 | D:1      | Reached XP level 1. HP: 19/19 MP: 0/0
    64 | D:1      | Reached skill level 4 in Axes
    84 | D:1      | HP: 1/20 [kobold/stone (2)]
    86 | D:1      | Reached XP level 2. HP: 1/27 MP: 1/1
  1218 | D:2      | Reached XP level 3. HP: 31/33 MP: 2/2
  1257 | D:2      | Found a white marble altar of Elyvilon.
  1461 | D:2      | Reached skill level 5 in Axes
  1764 | D:2      | Reached XP level 4. HP: 36/41 MP: 3/3
  2063 | D:3      | Noticed Natasha
  2078 | D:3      | Killed Natasha
  2078 | D:3      | Reached skill level 6 in Axes
  2078 | D:3      | Reached XP level 5. HP: 31/47 MP: 4/4
  2213 | D:3      | Noticed Terence
  2217 | D:3      | Killed Terence
  2217 | D:3      | Reached skill level 5 in Fighting
  2228 | D:3      | Noticed Natasha
  2235 | D:3      | Killed Natasha
  2561 | D:3      | Noticed an ice beast
  2561 | D:3      | Noticed Natasha
  2570 | D:3      | Killed Natasha
  2590 | D:3      | Killed an ice beast
  2590 | D:3      | Reached skill level 7 in Axes
  2590 | D:3      | Reached XP level 6. HP: 19/57 MP: 5/5
  2855 | D:3      | Found a runed translucent door.
  2856 | D:3      | Noticed Crazy Yiuf
  3226 | D:3      | Killed Crazy Yiuf
  3568 | D:4      | Found a staircase to the Ecumenical Temple.
  3588 | Temple   | Entered the Ecumenical Temple
  3686 | Temple   | Became a worshipper of Makhleb the Destroyer
  3686 | Temple   | Reached * piety under Makhleb
  3686 | Temple   | Reached ** piety under Makhleb
  3728 | D:4      | Reached skill level 1 in Invocations
  3782 | D:4      | Reached skill level 8 in Axes
  3782 | D:4      | Reached XP level 7. HP: 63/63 MP: 6/6
  3992 | D:4      | Found a runed translucent gate.
  3992 | D:4      | Found a runed translucent gate.
  3992 | D:4      | Found a runed translucent gate.
  3993 | D:4      | Found an opulent altar of Gozag.
  3993 | D:4      | Noticed aaksess's ghost (amateur DEEE)
  4317 | D:5      | Entered Level 5 of the Dungeon
  4493 | D:5      | Got a shimmering scale mail
  4540 | D:5      | Noticed a yak
  4540 | D:5      | Noticed a yak
  4540 | D:5      | Noticed a yak
  4540 | D:5      | Noticed a yak
  4540 | D:5      | Noticed a yak
  4553 | D:5      | Killed a yak
  4856 | D:4      | Killed a yak
  4856 | D:4      | Reached skill level 9 in Axes
  4856 | D:4      | Reached XP level 8. HP: 55/73 MP: 7/9
  5148 | D:5      | Noticed Edmund
  5178 | D:5      | Killed Edmund
  5581 | D:5      | Reached skill level 10 in Axes
  5843 | D:5      | Identified the +2 scale mail of Miracles {rElec Int+3
                  | Dex-4} (You found it on level 5 of the Dungeon)
  5888 | D:5      | Reached *** piety under Makhleb
  6417 | D:6      | Noticed Duvessa
  6417 | D:6      | Noticed Dowan
  6423 | D:6      | Killed Dowan
  6429 | D:6      | Killed Duvessa
  6429 | D:6      | Reached XP level 9. HP: 71/81 MP: 11/11
  6497 | D:6      | Reached skill level 11 in Axes
  7059 | D:6      | Reached skill level 5 in Invocations
  7340 | D:7      | Reached skill level 12 in Axes
  7514 | D:7      | Reached **** piety under Makhleb
  7845 | D:7      | Got an ichor-stained leather armour
  7869 | D:7      | Identified the +3 leather armour of Beyond {*Corrode Int-4
                  | Slay+6 Stlth+} (You found it on level 7 of the Dungeon)
  7976 | D:7      | Found a blossoming altar of Fedhas.
  7983 | D:7      | Found a bloodstained altar of Trog.
  7986 | D:7      | Found an ornate altar of the Wu Jian Council.
  8088 | D:8      | Noticed Maurice
  8102 | D:8      | Killed Maurice
  8333 | D:8      | Reached XP level 10. HP: 87/92 MP: 13/13
  8393 | D:8      | Found an opulent altar of Gozag.
  8975 | D:8      | Reached skill level 13 in Axes
  9102 | D:8      | Reached skill level 10 in Fighting
  9146 | D:8      | Found a staircase to the Lair.
  9158 | D:8      | Reached ***** piety under Makhleb
  9945 | D:9      | Reached skill level 1 in Shields
 10351 | D:9      | Noticed Pikel
 10373 | D:9      | Killed Pikel
 10649 | D:9      | Reached skill level 14 in Axes
 10807 | D:9      | Found a staircase to the Orcish Mines.
 10932 | D:9      | Found a sacrificial altar of Ru.
 10975 | D:10     | Entered Level 10 of the Dungeon
 10976 | D:10     | Noticed Erica
 11236 | D:10     | Killed Erica
 11236 | D:10     | Reached XP level 11. HP: 96/101 MP: 15/15
 11513 | D:10     | Found a sparkling altar of Nemelex Xobeh.
 11603 | D:11     | Noticed a two-headed ogre
 11613 | D:11     | Killed a two-headed ogre
 11806 | D:11     | Noticed a green ugly thing
 11806 | D:11     | Noticed a four-headed hydra
 11814 | D:11     | Killed a green ugly thing
 11818 | D:11     | Killed a four-headed hydra
 12131 | D:11     | Reached skill level 15 in Axes
 12324 | D:11     | Noticed Nergalle
 12342 | D:11     | Killed Nergalle
 13333 | Lair:1   | Entered Level 1 of the Lair of Beasts
 13934 | Lair:1   | Noticed a six-headed hydra
 13945 | Lair:1   | Killed a six-headed hydra
 14573 | Lair:1   | HP: 2/104 [blink frog (10)]
 14929 | Lair:2   | Reached skill level 16 in Axes
 14929 | Lair:2   | Reached XP level 12. HP: 71/112 MP: 17/17
 15189 | Lair:2   | Reached skill level 1 in Armour
 16078 | Lair:2   | Found a staircase to the Shoals.
 16080 | Lair:2   | Noticed Harold
 16097 | Lair:2   | Killed Harold
 16528 | Lair:3   | Noticed an eight-headed hydra
 16536 | Lair:3   | Killed an eight-headed hydra
 16886 | Lair:3   | Found a hole to the Spider Nest.
 16911 | Lair:3   | Reached skill level 10 in Invocations
 17158 | Lair:3   | Got a smoking rapier
 17515 | Lair:4   | Reached skill level 5 in Armour
 17712 | Lair:4   | You fall into a shaft and drop 1 floor!
 17730 | Lair:5   | Found a staircase to the Slime Pits.
 17955 | Lair:4   | Noticed a death yak
 17955 | Lair:4   | Noticed a death yak
 17956 | Lair:4   | Noticed a death yak
 18135 | Lair:5   | Reached ****** piety under Makhleb
 18276 | Lair:4   | Killed a death yak
 18286 | Lair:4   | Killed a death yak
 18294 | Lair:4   | Killed a death yak
 18294 | Lair:4   | Reached XP level 13. HP: 88/123 MP: 20/20
 18476 | Lair:4   | Identified the +5 rapier of the Brain {vorpal, MR+ Str+6
                  | Int-4 Stlth+} (You found it on level 3 of the Lair of
                  | Beasts)
 19794 | Lair:6   | Entered Level 6 of the Lair of Beasts
 20332 | Lair:6   | Slain by a black mamba

Illustrated notes

Levels and vault maps discovered:
D:1:      onia_arrival_pyramid, layout_basic
D:2:      layout_basic, elyvilon_altar_1, chequers_serial_rivers_marsh
D:3:      layout_basic, uniq_crazy_yiuf_cottage, uniq_natasha, uniq_terence
D:4:      layout_basic, minmay_temple_entry_offerings, ebering_ghost_gozag,
          minmay_ruptured
D:5:      layout_basic, minmay_increasing_density, uniq_edmund
D:6:      layout_gridville, uniq_duvessa
D:7:      layout_loops_ring, minitemple
D:8:      minmay_chambers_of_sixes, layout_loops_ring,
          nicolae_gozag_seed_capital, erik_lair_island, serial_park_tiny_2,
          uniq_maurice
D:9:      hangedman_cross_stitches, layout_basic, kennysheep_mini_moat,
          uniq_pikel
D:10:     layout_cave_pools, nemelex_diamond_rough_becter, uniq_erica
D:11:     layout_irregular_city, uniq_nergalle
Temple:   kb_temple_of_zot
Lair:1:   layout_concentric_octagons, chequers_serial_rivers_small_3
Lair:2:   layout_big_grid, elwin_shoals_entry_rocks, minmay_lair_oklob_bushes,
          uniq_harold
Lair:3:   layout_cellular_growth, spider_nest_entry_web_field, minivault_23,
          minivault_26, lemuel_fruit_tree
Lair:4:   layout_long_grid, lemuel_fruit_fields
Lair:5:   pond_and_an_island_with_a_cottage, layout_regular_city,
          nicolae_slime_entry_slimehenge, minmay_shattered_shrine
Lair:6:   evilmike_catoblepas_cave, layout_concentric_octagons,
          minmay_lair_oklob_chamber

Skill      XL: |  1  2  3  4  5  6  7  8  9 10 11 12 13 |
---------------+----------------------------------------+-----
Axes           | 4 5 6 7 8 9 10 12 14 16 | 16.0
Fighting       | 4 5 6 7 8 9 10 12 13 14 | 14.8
Invocations    | 1 2 4 6 7 9 10 11 | 11.9
Shields        | 3 4 |  4.0
Armour         | 7 9 |  9.5
Dodging        | |  3.2
Stealth        | |  1.5

Action                   |  1- 3 |  4- 6 |  7- 9 | 10-12 | 13-15 || total
-------------------------+-------+-------+-------+-------+-------++-------
Melee: Hand axe          |    69 |   104 |    48 |       |       ||   221
       Headbutt          |    13 |    17 |    79 |   160 |    64 ||   333
       War axe           |       |       |   321 |   845 |   225 ||  1391
       Morningstar       |       |       |       |    15 |    22 ||    37
Invok: Lesser Servant of |       |       |       |     8 |     4 ||    12
       Major Destruction |       |       |       |     2 |       ||     2
Evoke: Wand              |       |       |       |     3 |     3 ||     6
  Use: Scroll            |     2 |       |    15 |     8 |     4 ||    29
       Potion            |       |       |     3 |       |     1 ||     4
 Stab: Sleeping          |     3 |     2 |     1 |       |       ||     6
       Distracted        |       |       |       |     1 |       ||     1
Armor: Robe              |     3 |     7 |       |       |       ||    10
       Chain mail        |       |    42 |    10 |       |       ||    52
       Ring mail         |       |       |    71 |       |       ||    71
       Scale mail        |       |       |    64 |   334 |   133 ||   531
Dodge: Dodged            |    48 |    47 |   173 |   322 |   114 ||   704
Block: Buckler           |       |       |       |   141 |    49 ||   190

Table legend: (Time is in decaauts)
 A = Elapsed time spent in this place.
 B = Non-inter-level travel time spent in this place.
 C = Inter-level travel time spent in this place.
 D = Time resting spent in this place.
 E = Time spent auto-exploring this place.
 F = Levels seen in this place.
 G = Mean time per level.
                   A        B        C        D        E       F      G
               +--------+--------+--------+--------+--------+-----+--------+
         Total |  20054 |  19296 |    758 |   1009 |  15079 |  18 | 1114.1 |
       Dungeon |  13114 |  12548 |    566 |    428 |   9886 |  11 | 1192.2 |
        Temple |    118 |     99 |     19 |      0 |     93 |   1 |  118.0 |
          Lair |   6821 |   6649 |    172 |    581 |   5099 |   6 | 1136.8 |
               +--------+--------+--------+--------+--------+-----+--------+

Top non-repeatable levels by time:
     D:8: 1811 daAuts
     D:3: 1740 daAuts
    D:11: 1643 daAuts
  Lair:1: 1546 daAuts
  Lair:2: 1431 daAuts
  Lair:5: 1356 daAuts
     D:5: 1252 daAuts
     D:9: 1179 daAuts
     D:6: 1118 daAuts
  Lair:3: 1087 daAuts
     D:4: 1047 daAuts
  Lair:4: 1024 daAuts
     D:1: 996 daAuts
     D:2: 972 daAuts
     D:7: 828 daAuts
